TOP OF THE 1ST |
Orem Owlz batting - Pitching for Oakland (APP) Athletics : RHP Bill McAskill
|
Pitching: RHP Bill McAskill
|
|
Batting: RHB Joe Hewitt
|
0-0: SINGLE (Groundball, 34D, EV 105.6 MPH)
|
Batting: RHB Brian Spry
|
0-0: Ball 1-0: Ball 2-0: Called Strike 2-1: Ball Joe Hewitt steals 2nd base 3-1: Base on Balls
|
Batting: LHB Ramon Garduno
|
0-0: Foul Ball, location: 2F 0-1: Foul Ball, location: 2F 0-2: Foul Ball, location: 2F 0-2: Strikes out swinging
|
Batting: RHB David Rhodes
|
0-0: Foul Ball, location: 2F 0-1: Foul Ball, location: 2F 0-2: Strikes out swinging
|
Batting: LHB Bill Girton
|
0-0: Foul Ball, location: 2F 0-1: Fielders Choice at 2nd, U4 (Groundball, 4M, EV 103.8 MPH)
|
Top of the 1st over - 0 runs, 1 hit, 0 errors, 2 left on base; Orem 0 - Oakland (APP) 0 |
BOTTOM OF THE 1ST |
Oakland (APP) Athletics batting - Pitching for Orem Owlz : LHP Aqissiaq Storch
|
Pitching: LHP Aqissiaq Storch
|
|
Batting: RHB Scott Lister
|
0-0: Swinging Strike 0-1: Ball 1-1: Ball 2-1: Ball 3-1: Ground out 4-3 (Groundball, 4M, EV 105.0 MPH)
|
Batting: RHB Gabe Secundino
|
0-0: Ball 1-0: Fly out, F8 (Line Drive, 8LM, EV 90.0 MPH)
|
Batting: LHB Alejandro Muniz
|
0-0: Ball 1-0: Ball 2-0: Swinging Strike 2-1: SOLO HOME RUN (Flyball, 9LD, EV 91.2 MPH), Distance : 351 ft
|
Batting: LHB Roscoe Romaine
|
0-0: Ball 1-0: Swinging Strike 1-1: Ball 2-1: Foul Ball, location: 2F 2-2: Foul Ball, location: 2F 2-2: Foul Ball, location: 2F 2-2: Foul Ball, location: 2F 2-2: Ball 3-2: DOUBLE (Flyball, 8RXD, EV 95.6 MPH)
|
Pitching: RHP Arnold Frye
|
|
Batting: LHB Marcus Pollard
|
0-0: Ball 1-0: Swinging Strike 1-1: SINGLE (Groundball, 4MD, EV 103.1 MPH) Roscoe Romaine to third Runner from 3rd tries for Home, SAFE, throw by CF to home Marcus Pollard to second
|
Batting: RHB Rafael Alarcon
|
0-0: Called Strike 0-1: Called Strike 0-2: Strikes out swinging
|
Bottom of the 1st over - 2 runs, 3 hits, 0 errors, 1 left on base; Orem 0 - Oakland (APP) 2 |
TOP OF THE 2ND |
Orem Owlz batting - Pitching for Oakland (APP) Athletics : RHP Bill McAskill
|
Batting: RHB Fred Saxton
|
0-0: Called Strike 0-1: Ground out 4-3 (Groundball, 4, EV 90.6 MPH)
|
Batting: SHB David Vigo
|
0-0: Ball 1-0: Ball 2-0: Ball 3-0: Called Strike 3-1: Base on Balls
|
Batting: SHB Marty Kuehn
|
0-0: Called Strike 0-1: Ball 1-1: Called Strike 1-2: Foul Ball, location: 2F 1-2: Ball 2-2: Strikes out swinging
|
Batting: RHB Carlos Gonzales
|
0-0: Fly out, F9 (Flyball, 9D, EV 73.1 MPH)
|
Top of the 2nd over - 0 runs, 0 hits, 0 errors, 1 left on base; Orem 0 - Oakland (APP) 2 |
BOTTOM OF THE 2ND |
Oakland (APP) Athletics batting - Pitching for Orem Owlz : RHP Arnold Frye
|
Batting: RHB Ryan Jennings
|
0-0: Called Strike 0-1: Foul Ball, location: 2F 0-2: Ball 1-2: Ball 2-2: Ball 3-2: Base on Balls
|
Batting: RHB Amare Brown
|
0-0: Called Strike 0-1: SINGLE (Flyball, 8RS, EV 85.6 MPH) Ryan Jennings to second
|
Batting: LHB Bill Helmer
|
0-0: Ball 1-0: Reached on error, E6 (Groundball, 6, EV 92.5 MPH) Ryan Jennings to third Amare Brown to second
|
Batting: RHB Scott Lister
|
0-0: Swinging Strike 0-1: Foul Ball, location: 2F 0-2: Foul Ball, location: 2F 0-2: Ball 1-2: Ball 2-2: Ball 3-2: Grounds into double play, 4-6-3 (Groundball, 4, EV 106.2 MPH) Ryan Jennings scores Amare Brown to third
|
Pitching: LHP Yee Koh
|
|
Batting: RHB Gabe Secundino
|
0-0: Called Strike 0-1: Ball 1-1: Called Strike 1-2: Strikes out swinging
|
Bottom of the 2nd over - 1 run, 1 hit, 1 error, 1 left on base; Orem 0 - Oakland (APP) 3 |
TOP OF THE 3RD |
Orem Owlz batting - Pitching for Oakland (APP) Athletics : RHP Bill McAskill
|
Batting: RHB Joe Hewitt
|
0-0: Called Strike 0-1: Foul Ball, location: 2F 0-2: Ball 1-2: Reached on error, E4 (Groundball, 4, EV 87.5 MPH)
|
Batting: RHB Brian Spry
|
0-0: Called Strike 0-1: Called Strike 0-2: Foul Ball, location: 2F 0-2: Ball 1-2: Ball 2-2: Ball 3-2: Foul Ball, location: 2F 3-2: Foul Ball, location: 2F 3-2: 2-RUN HOME RUN (Flyball, 78XD, EV 106.2 MPH), Distance : 418 ft
|
Batting: LHB Ramon Garduno
|
0-0: Ball 1-0: Called Strike 1-1: Called Strike 1-2: Ball 2-2: Ball 3-2: Foul Ball, location: 2F 3-2: Strikes out swinging
|
Batting: RHB David Rhodes
|
0-0: Ball 1-0: Called Strike 1-1: Ball 2-1: Ground out 6-3 (Groundball, 6, EV 78.8 MPH)
|
Batting: LHB Bill Girton
|
0-0: Ball 1-0: Ball 2-0: Called Strike 2-1: Ball 3-1: Called Strike 3-2: SINGLE (Line Drive, 34D, EV 94.4 MPH)
|
Batting: RHB Fred Saxton
|
0-0: Called Strike 0-1: Ball 1-1: Foul Ball, location: 2F 1-2: Ball 2-2: Foul Ball, location: 2F 2-2: Strikes out looking
|
Top of the 3rd over - 2 runs, 2 hits, 1 error, 1 left on base; Orem 2 - Oakland (APP) 3 |
BOTTOM OF THE 3RD |
Oakland (APP) Athletics batting - Pitching for Orem Owlz : LHP Yee Koh
|
Batting: LHB Alejandro Muniz
|
0-0: Called Strike 0-1: Swinging Strike 0-2: Ball 1-2: Ball 2-2: Ball 3-2: Foul Ball, location: 2F 3-2: Strikes out swinging
|
Batting: LHB Roscoe Romaine
|
0-0: Fly out, F9 (Flyball, 89M, EV 85.0 MPH)
|
Batting: LHB Marcus Pollard
|
0-0: Called Strike 0-1: Swinging Strike 0-2: Ball 1-2: Ball 2-2: Strikes out swinging
|
Bottom of the 3rd over - 0 runs, 0 hits, 0 errors, 0 left on base; Orem 2 - Oakland (APP) 3 |
TOP OF THE 4TH |
Orem Owlz batting - Pitching for Oakland (APP) Athletics : RHP Bill McAskill
|
Batting: SHB David Vigo
|
0-0: Foul Ball, location: 2F 0-1: SINGLE (Line Drive, 8RS, EV 88.1 MPH)
|
Batting: SHB Marty Kuehn
|
0-0: Ball David Vigo steals 2nd, throwing error, E2 David Vigo to third 1-0: Swinging Strike 1-1: Foul Ball, location: 2F 1-2: Foul Ball, location: 2F 1-2: Strikes out swinging
|
Batting: RHB Carlos Gonzales
|
0-0: Called Strike 0-1: Ball 1-1: Ball 2-1: Ground out 6-3 (Groundball, 6, EV 81.9 MPH) David Vigo scores
|
Batting: RHB Joe Hewitt
|
0-0: Called Strike 0-1: Called Strike 0-2: Ball 1-2: Ball 2-2: Ball 3-2: Base on Balls
|
Batting: RHB Brian Spry
|
0-0: Called Strike Joe Hewitt is caught stealing 2nd base 2-4
|
Top of the 4th over - 1 run, 1 hit, 1 error, 0 left on base; Orem 3 - Oakland (APP) 3 |
BOTTOM OF THE 4TH |
Oakland (APP) Athletics batting - Pitching for Orem Owlz : LHP Yee Koh
|
Batting: RHB Rafael Alarcon
|
0-0: Called Strike 0-1: Fly out, F8 (Flyball, 78D, EV 96.2 MPH)
|
Batting: RHB Ryan Jennings
|
0-0: Ball 1-0: Fly out, F7 (Flyball, 7, EV 84.4 MPH)
|
Batting: RHB Amare Brown
|
0-0: Ball 1-0: Called Strike 1-1: Called Strike 1-2: Foul Ball, location: 2F 1-2: Strikes out swinging, 2-3 out at first.
|
Bottom of the 4th over - 0 runs, 0 hits, 0 errors, 0 left on base; Orem 3 - Oakland (APP) 3 |
TOP OF THE 5TH |
Orem Owlz batting - Pitching for Oakland (APP) Athletics : RHP Bill McAskill
|
Batting: RHB Brian Spry
|
0-0: Hit by Pitch
|
Batting: LHB Ramon Garduno
|
0-0: Reached on error, E6 (Groundball, P, EV 86.9 MPH) Brian Spry to second
|
Batting: RHB David Rhodes
|
0-0: Called Strike 0-1: Ball 1-1: Foul Ball, location: 2F 1-2: Foul Ball, location: 2F 1-2: Ball Wild Pitch! Brian Spry to third Ramon Garduno to second 2-2: Ball 3-2: Foul Ball, location: 2F 3-2: Base on Balls
|
Batting: LHB Bill Girton
|
0-0: Fly out, F9 (Flyball, 9, EV 77.5 MPH)
|
Batting: RHB Fred Saxton
|
0-0: Swinging Strike 0-1: Ball 1-1: Ball 2-1: Swinging Strike 2-2: Foul Ball, location: 2F 2-2: SINGLE (Flyball, 89S, EV 90.6 MPH) Brian Spry scores Ramon Garduno to third David Rhodes to second
|
Batting: SHB David Vigo
|
0-0: Ball 1-0: Foul Ball, location: 2F 1-1: Ball 2-1: Ball 3-1: Foul Ball, location: 2F 3-2: Strikes out swinging
|
Pitching: RHP Manny Tienda
|
|
Batting: SHB Marty Kuehn
|
0-0: Fly out, F8 (Flyball, 8LD, EV 78.8 MPH)
|
Top of the 5th over - 1 run, 1 hit, 1 error, 3 left on base; Orem 4 - Oakland (APP) 3 |
BOTTOM OF THE 5TH |
Oakland (APP) Athletics batting - Pitching for Orem Owlz : LHP Yee Koh
|
Pinch Hitting: RHB Jason Dove
|
0-0: Ball 1-0: SOLO HOME RUN (Flyball, 7D, EV 96.9 MPH), Distance : 390 ft
|
Pitching: RHP Javier Carrasco
|
|
Batting: RHB Scott Lister
|
0-0: Ball 1-0: Called Strike 1-1: Swinging Strike 1-2: Strikes out looking
|
Batting: RHB Gabe Secundino
|
0-0: Called Strike 0-1: Ground out 6-3 (Groundball, 6S, EV 69.4 MPH)
|
Batting: LHB Alejandro Muniz
|
0-0: Ball 1-0: Called Strike 1-1: Ball 2-1: Swinging Strike 2-2: Ball 3-2: Fly out, F7 (Flyball, 78D, EV 92.5 MPH)
|
Bottom of the 5th over - 1 run, 1 hit, 0 errors, 0 left on base; Orem 4 - Oakland (APP) 4 |
TOP OF THE 6TH |
Orem Owlz batting - Pitching for Oakland (APP) Athletics : RHP Manny Tienda
|
Now in CF: Nathaniel Adderley
|
|
Pinch Hitting: RHB Aaron Bryant
|
0-0: Called Strike 0-1: Foul Ball, location: 2F 0-2: Ball 1-2: Ball 2-2: SOLO HOME RUN (Flyball, 7LD, EV 90.0 MPH), Distance : 339 ft
|
Batting: RHB Joe Hewitt
|
0-0: Called Strike 0-1: Ball 1-1: Ball 2-1: Ball 3-1: Foul Ball, location: 2F 3-2: Fly out, F8 (Flyball, 8RD, EV 95.6 MPH)
|
Batting: RHB Brian Spry
|
0-0: Ball 1-0: Called Strike 1-1: Ball 2-1: Called Strike 2-2: Ball 3-2: Foul Ball, location: 2F 3-2: Foul Ball, location: 2F 3-2: SOLO HOME RUN (Flyball, 7LD, EV 93.1 MPH), Distance : 341 ft
|
Batting: LHB Ramon Garduno
|
0-0: Called Strike 0-1: Foul Ball, location: 2F 0-2: Foul Ball, location: 2F 0-2: Foul Ball, location: 2F 0-2: Foul Ball, location: 2F 0-2: Ball 1-2: Fly out, F8 (Flyball, 8RM, EV 93.8 MPH)
|
Batting: RHB David Rhodes
|
0-0: Called Strike 0-1: Ball 1-1: Ball 2-1: Reached on error, E4 (Groundball, 4, EV 108.8 MPH)
|
Batting: LHB Bill Girton
|
0-0: Foul Ball, location: 2F 0-1: Ball 1-1: Foul Ball, location: 2F 1-2: Ball 2-2: Foul Ball, location: 2F 2-2: Strikes out looking
|
Top of the 6th over - 2 runs, 2 hits, 1 error, 1 left on base; Orem 6 - Oakland (APP) 4 |
BOTTOM OF THE 6TH |
Oakland (APP) Athletics batting - Pitching for Orem Owlz : RHP Javier Carrasco
|
Now in CF: Brendan Garoutte
|
|
Batting: LHB Roscoe Romaine
|
0-0: Ball 1-0: Foul Ball, location: 2F 1-1: Foul Ball, location: 2F 1-2: Hit by Pitch
|
Batting: LHB Marcus Pollard
|
0-0: Foul Ball, location: 2F 0-1: Ball 1-1: Grounds into double play, 4-6-3 (Groundball, 4, EV 98.8 MPH)
|
Batting: RHB Rafael Alarcon
|
0-0: Ball 1-0: Ball 2-0: Foul Ball, location: 2F 2-1: Ball 3-1: Swinging Strike 3-2: Strikes out swinging
|
Bottom of the 6th over - 0 runs, 0 hits, 0 errors, 0 left on base; Orem 6 - Oakland (APP) 4 |
TOP OF THE 7TH |
Orem Owlz batting - Pitching for Oakland (APP) Athletics : RHP Manny Tienda
|
Batting: RHB Fred Saxton
|
0-0: Ground out 3-1 (Groundball, 34, EV 101.2 MPH)
|
Batting: SHB David Vigo
|
0-0: Ball 1-0: Foul Ball, location: 2F 1-1: Fly out, F7 (Flyball, 7D, EV 108.1 MPH)
|
Batting: SHB Marty Kuehn
|
0-0: Ball 1-0: Ball 2-0: Called Strike 2-1: Ball 3-1: Foul Ball, location: 2F 3-2: Foul Ball, location: 2F 3-2: Base on Balls
|
Pitching: RHP Rusty Prodoehl
|
|
Batting: RHB Brendan Garoutte
|
0-0: Called Strike 0-1: Ball Passed Ball! Marty Kuehn to second 1-1: Fly out, F8 (Line Drive, 89S, EV 95.6 MPH)
|
Top of the 7th over - 0 runs, 0 hits, 0 errors, 1 left on base; Orem 6 - Oakland (APP) 4 |
BOTTOM OF THE 7TH |
Oakland (APP) Athletics batting - Pitching for Orem Owlz : RHP Javier Carrasco
|
Pitching: RHP Nick Kempson
|
|
Now at 1B: David Rhodes
|
|
Now at 2B: Yuya Hirata
|
|
Now at SS: Fred Saxton
|
|
Now in RF: Ivan Barrientos
|
|
Batting: RHB Ryan Jennings
|
0-0: Ground out 6-3 (Groundball, 6, EV 98.1 MPH)
|
Batting: RHB Amare Brown
|
0-0: Swinging Strike 0-1: Ball 1-1: Swinging Strike 1-2: Strikes out swinging
|
Batting: RHB Nathaniel Adderley
|
0-0: Swinging Strike 0-1: Ground out 4-3 (Groundball, 4MD, EV 95.6 MPH)
|
Bottom of the 7th over - 0 runs, 0 hits, 0 errors, 0 left on base; Orem 6 - Oakland (APP) 4 |
TOP OF THE 8TH |
Orem Owlz batting - Pitching for Oakland (APP) Athletics : RHP Rusty Prodoehl
|
Batting: RHB Joe Hewitt
|
0-0: Ball 1-0: Foul Ball, location: 2F 1-1: Foul Ball, location: 2F 1-2: Fly out, F9 (Flyball, 89M, EV 90.6 MPH)
|
Batting: RHB Brian Spry
|
0-0: Ball 1-0: Swinging Strike 1-1: Ball 2-1: Called Strike 2-2: Foul Ball, location: 2F 2-2: Fly out, F7 (Line Drive, 7, EV 90.0 MPH)
|
Batting: RHB Ivan Barrientos
|
0-0: Ball 1-0: Ball 2-0: Called Strike 2-1: Ball 3-1: Called Strike 3-2: Base on Balls
|
Batting: RHB David Rhodes
|
0-0: Called Strike Ivan Barrientos is caught stealing 2nd base 2-4
|
Top of the 8th over - 0 runs, 0 hits, 0 errors, 0 left on base; Orem 6 - Oakland (APP) 4 |
BOTTOM OF THE 8TH |
Oakland (APP) Athletics batting - Pitching for Orem Owlz : RHP Nick Kempson
|
Batting: RHB Scott Lister
|
0-0: Ball 1-0: SINGLE (Groundball, 56, EV 100.0 MPH) (infield hit)
|
Batting: RHB Gabe Secundino
|
0-0: Called Strike 0-1: Called Strike 0-2: Ball 1-2: Ball 2-2: Foul Ball, location: 2F 2-2: Ball 3-2: Strikes out swinging
|
Batting: LHB Alejandro Muniz
|
0-0: Ball 1-0: Ball 2-0: Swinging Strike 2-1: SINGLE (Groundball, 4MD, EV 101.9 MPH) Scott Lister to second Runner from 2nd tries for 3rd, OUT! 8-5
|
Batting: LHB Roscoe Romaine
|
0-0: Ball 1-0: Foul Ball, location: 2F 1-1: Swinging Strike 1-2: Ball 2-2: Ball 3-2: Ground out 4-3 (Groundball, 4, EV 80.0 MPH)
|
Bottom of the 8th over - 0 runs, 2 hits, 0 errors, 1 left on base; Orem 6 - Oakland (APP) 4 |
TOP OF THE 9TH |
Orem Owlz batting - Pitching for Oakland (APP) Athletics : RHP Rusty Prodoehl
|
Pitching: RHP Jason Palmer
|
|
Batting: RHB David Rhodes
|
0-0: Ball 1-0: Called Strike 1-1: Ball 2-1: Foul Ball, location: 2F 2-2: Ball 3-2: Base on Balls
|
Batting: SHB Yuya Hirata
|
0-0: Ball 1-0: Called Strike 1-1: Foul Ball, location: 2F 1-2: Ball 2-2: Fielders Choice at 2nd, 3-6 (Groundball, 34, EV 81.2 MPH)
|
Batting: RHB Fred Saxton
|
0-0: Ball 1-0: Ball 2-0: Swinging Strike 2-1: Called Strike 2-2: Foul Ball, location: 2F 2-2: Strikes out swinging
|
Batting: SHB David Vigo
|
0-0: Ball 1-0: Ball Wild Pitch! Yuya Hirata to second 2-0: SINGLE (Groundball, 6D, EV 104.4 MPH) Yuya Hirata to third Runner from 3rd tries for Home, SAFE, throw by LF to home
|
Batting: SHB Marty Kuehn
|
Pickoff Throw to First - Out! 1-3 CS
|
Top of the 9th over - 1 run, 1 hit, 0 errors, 0 left on base; Orem 7 - Oakland (APP) 4 |
BOTTOM OF THE 9TH |
Oakland (APP) Athletics batting - Pitching for Orem Owlz : RHP Nick Kempson
|
Pitching: RHP Matt Doherty
|
|
Batting: LHB Marcus Pollard
|
0-0: Called Strike 0-1: Ground out 5-3 (Groundball, 56, EV 107.5 MPH)
|
Batting: RHB Rafael Alarcon
|
0-0: Ball 1-0: Ball 2-0: Foul Ball, location: 2F 2-1: Called Strike 2-2: Ground out 6-3 (Groundball, 6S, EV 93.8 MPH)
|
Batting: RHB Ryan Jennings
|
0-0: Ball 1-0: Called Strike 1-1: Ball 2-1: Ground out 5-3 (Groundball, 56S, EV 90.0 MPH)
|
Bottom of the 9th over - 0 runs, 0 hits, 0 errors, 0 left on base; Orem 7 - Oakland (APP) 4 |
|